 Dungeon Crawl Stone Soup version 0.30.1-11-g7821555f0a (webtiles) character file.

Game seed: 4971145458086510590

324 Eitelfritz the Slasher (level 6, -1/51 HPs)
             Began as a Minotaur Gladiator on Jan 5, 2024.
             Slain by Pikel
             ... wielding a +0 whip of freezing
              (2 damage)
             ... on level 4 of the Dungeon.
             The game lasted 00:05:06 (2519 turns).

Eitelfritz the Slasher (Minotaur Gladiator)         Turns: 2519, Time: 00:05:06

Health: -1/51      AC:  8    Str: 18    XL:     6   Next: 23%
Magic:  5/5        EV: 11    Int:  7    God:
Gold:   159        SH:  0    Dex: 12    Spells: 5/5 levels left

rFire   . . .        a - +0 long sword
rCold   . . .        (no shield)
rNeg    . . .        l - +0 scale mail
rPois   .            c - +0 hat
rElec   .            (no cloak)
rCorr   .            (no gloves)
SInv    .            m - +0 pair of boots
Will    .....        (no amulet) Stlth
                     (no ring)
HPRegen 0.28/turn    (no ring)
MPRegen 0.09/turn

%: no passive effects
@: no status effects
A: horns 2, retaliatory headbutt
a: no special abilities


You were on level 4 of the Dungeon.
You visited 1 branch of the dungeon, and saw 4 of its levels.

You collected 159 gold pieces.

Inventory:

Hand Weapons
 a - a +0 long sword (weapon)
 b - a +0 sling
 p - a +2 antimagic flail
Missiles
 d - 3 throwing nets (quivered)
 e - a javelin
Armour
 c - a +0 hat (worn)
 h - a +0 leather armour
 l - a +0 scale mail (worn)
 m - a +0 pair of boots (worn)
Wands
 w - a wand of polymorph (9)
Scrolls
 f - a scroll of silence {unknown}
 g - 3 scrolls of enchant weapon {unknown}
 n - a scroll of magic mapping {unknown}
 r - a scroll of amnesia {unknown}
 s - a scroll of teleportation {unknown}
Potions
 i - 2 potions of flight {unknown}
 j - a potion of haste {unknown}
 k - a potion of brilliance {unknown}
 o - a potion of curing {unknown}
 q - 3 potions of berserk rage {unknown}
 t - a potion of lignification {unknown}
 u - 2 potions of heal wounds {unknown}
 v - a potion of invisibility {unknown}
 x - a potion of might {unknown}


   Skills:
 + Level 3.5 Fighting
 + Level 6.2 Long Blades
 + Level 1.5 Ranged Weapons
 + Level 2.1 Throwing
 + Level 3.4 Armour
 + Level 3.9 Dodging
 + Level 0.2 Stealth


You had 5 spell levels left.
You didn't know any spells.
Your spell library contained the following spells:

 Spells                   Type           Power      Damage    Failure   Level
 Call Canine Familiar     Summ           0%         N/A       99%         3
 Portal Projectile        Hex/Tloc       0%         N/A       99%         3
 Leda's Liquefaction      Hex/Erth       0%         N/A       100%        4


Dungeon Overview and Level Annotations

Branches:
Dungeon (4/15)
 Temple: D:4-7

Altars:

Annotations:
D:4 Pikel


Innate Abilities, Weirdness & Mutations

You have a pair of horns on your head.
You reflexively headbutt those who attack you in melee.


Message History

Pikel is moderately wounded.
Pikel hits you but does no damage.
Pikel hits you with a +0 whip of freezing.
Pikel freezes you.
You hit Pikel. You headbutt Pikel, but do no damage.
Pikel is moderately wounded.
Pikel hits you with a +0 whip of freezing!
Pikel freezes you.
You hit Pikel but do no damage.
Pikel is moderately wounded.
Pikel barely misses you.
You hit Pikel. Your headbutt misses Pikel.
Pikel is moderately wounded.
Pikel closely misses you.
You barely miss Pikel. You headbutt Pikel.
Pikel is heavily wounded.
Pikel misses you.
You hit Pikel but do no damage.
Pikel is heavily wounded.
Pikel hits you but does no damage.
You closely miss Pikel.
Pikel is heavily wounded.
Pikel hits you with a +0 whip of freezing!
Pikel freezes you.
You miss Pikel. Your headbutt misses Pikel.
Pikel is heavily wounded.
Pikel hits you with a +0 whip of freezing.
Pikel freezes you.
You hit Pikel. You headbutt Pikel, but do no damage.
Pikel is heavily wounded.
Pikel hits you with a +0 whip of freezing.
* * * LOW HITPOINT WARNING * * *
Pikel freezes you.
* * * LOW HITPOINT WARNING * * *
You slash Pikel!
Pikel is severely wounded.
Pikel hits you with a +0 whip of freezing!
* * * LOW HITPOINT WARNING * * *
Pikel freezes you.
You die...

..K............#
########.#####. #.#
#. ########.#
#.#### .........#
#....#
########.#####....#
#55........###
#K#..........#
#@##.......#.#
#.##....(..#.#
#.##.......#.#
#.##....####†#
#.##.#### #.#
#.##.# #.# #.##.#
#.#### ..##.#
#....# ####.#
####.#


You could see Pikel and 2 lemures.

Vanquished Creatures
  A black bear (D:4)
  An orc priest (D:3)
  A sleepcap (D:4)
  An orc wizard (D:4)
  5 adders
  A white imp (D:4)
  2 worms
  2 dart slugs
  10 orcs
  7 ball pythons
  6 bats
  6 endoplasms
  6 goblins
  6 hobgoblins
  8 jackals
  5 kobolds
  2 quokkas (D:1)
  4 frilled lizards
  A rat (D:2)
75 creatures vanquished.

Notes
Turn   | Place    | Note
-------+----------+-------------------------------------------
     0 | D:1      | Eitelfritz the Minotaur Gladiator began the quest for the
                  | Orb.
     0 | D:1      | Reached XP level 1. HP: 18/18 MP: 0/0
    79 | D:1      | Reached skill level 4 in Long Blades
    81 | D:1      | You fall into a shaft and drop 1 floor!
   126 | D:1      | Reached XP level 2. HP: 25/25 MP: 1/1
   148 | D:1      | Found a faded altar of an unknown god.
   677 | D:2      | Reached XP level 3. HP: 30/30 MP: 2/2
   883 | D:2      | Reached skill level 1 in Ranged Weapons
   883 | D:2      | Reached skill level 1 in Armour
  1238 | D:2      | Reached XP level 4. HP: 38/38 MP: 3/3
  1585 | D:3      | Reached skill level 5 in Long Blades
  1988 | D:3      | Reached XP level 5. HP: 45/45 MP: 4/4
  2245 | D:4      | Noticed a black bear
  2257 | D:4      | Killed a black bear
  2258 | D:4      | Reached skill level 6 in Long Blades
  2263 | D:4      | Reached XP level 6. HP: 32/51 MP: 5/5
  2493 | D:4      | Noticed Pikel
  2519 | D:4      | HP: 1/51 [Pikel/+0 whip of freezing (9)]
  2519 | D:4      | Slain by Pikel

Illustrated notes

Levels and vault maps discovered:
D:1:      zaba_arrival_water, layout_basic, shapermc_ecumenical_altar_ellora
D:2:      layout_basic, hangedman_feature_mirror
D:3:      layout_basic
D:4:      minmay_general_purpose_star, layout_loops_ring, minitemple,
          uniq_pikel, uniq_blork_the_orc

Skill      XL: |  1  2  3  4  5  6 |
---------------+-------------------+-----
Long Blades    | 4 5 6 |  6.2
Ranged Weapons | 1 |  1.5
Armour         | 1 2 3 |  3.4
Fighting       | 3 |  3.5
Throwing       | |  2.1
Dodging        | |  3.9
Stealth        | |  0.2

Action                     |  1- 3 |  4- 6 || total
---------------------------+-------+-------++-------
  Melee: Long sword        |    75 |    87 ||   162
         Headbutt          |    12 |    17 ||    29
         Punch             |     1 |     1 ||     2
   Fire: Sling             |    13 |     9 ||    22
  Throw: Throwing net      |       |     1 ||     1
 Armour: Scale mail        |    29 |    41 ||    70
         Leather armour    |     2 |       ||     2
  Dodge: Dodged            |    44 |    40 ||    84
